 Dungeon Crawl Stone Soup version 0.28.0-47-ge53b351184 (webtiles) character file.

Game seed: 434733678032819202

287 Ablot the Cutter (level 6, -5/53 HPs)
             Began as a Gnoll Chaos Knight on Apr 27, 2022.
             Was a Plaything of Xom.
             Slain by a wraith (9 damage)
             ... in an ossuary.
             The game lasted 00:05:12 (3484 turns).

Ablot the Cutter (Gnoll Chaos Knight)               Turns: 3484, Time: 00:05:15

Health: -5/53      AC:  6    Str: 12 (13) XL:     6   Next: 30%
Magic:  8/8        EV: 11    Int: 11 (12) God:    Xom [.....*]
Gold:   223        SH:  0    Dex:  8 (11) Spells: 8/8 levels left

rFire   . . .      SeeInvis .   a - +0 short sword (chaos)
rCold   . . .      Faith    .   (no shield)
rNeg    . . .      Spirit   .   m - +0 troll leather armour {Pargi}
rPois   .          Reflect  .   o - +0 helmet
rElec   .          Harm     .   (no cloak)
rCorr   .          Rampage  .   (no gloves)
Will    .....                   (no boots)
Stlth   +.........              k - amulet of magic regeneration
HPRegen 0.97/turn               (no ring)
MPRegen 0.51/turn               (no ring)

@: slowed, very slow
A: fangs 1, strong nose, distributed training
a: Renounce Religion


You were in an ossuary.
You worshipped Xom.
You were Xom's teddy bear.
You visited 1 branch of the dungeon, and saw 4 of its levels.
You also visited: Sewer and Ossuary.

You collected 223 gold pieces.

Inventory:

Hand Weapons
 a - a +0 short sword of chaos (weapon)
 e - the +4 scimitar of Kindness {elec, rPois}
   (You found it in a sewer)

   It occasionally discharges a powerful burst of electricity upon striking a
   foe.
   rPois:     It protects you from poison.
Missiles
 c - 38 stones (quivered)
 h - 21 arrows
 j - 8 poisoned darts
Armour
 m - a +0 troll leather armour (worn) {Pargi}
 o - a +0 helmet (worn)
Jewellery
 k - an amulet of magic regeneration (around neck)
Scrolls
 b - a scroll of vulnerability {unknown}
 d - 4 scrolls of teleportation {unknown}
 f - 2 scrolls of fog {unknown}
 g - a scroll of identify {unknown}
 l - a scroll of fear {unknown}
 p - 2 scrolls of noise {unknown}
 q - a scroll of immolation {unknown}
Potions
 n - a potion of haste
 r - a potion of curing {unknown}


   Skills:
 + Level 6.8 Fighting
 + Level 6.8 Short Blades
 + Level 1.9 Long Blades
 + Level 1.9 Axes
 + Level 1.9 Maces & Flails
 + Level 1.9 Polearms
 + Level 1.9 Staves
 + Level 1.9 Slings
 + Level 1.9 Bows
 + Level 1.9 Crossbows
 + Level 1.9 Throwing
 + Level 4.9 Armour
 + Level 3.2 Dodging
 + Level 1.9 Stealth
 + Level 1.9 Shields
 + Level 1.9 Unarmed Combat
 + Level 1.9 Spellcasting
 + Level 1.5 Conjurations
 + Level 1.5 Hexes
 + Level 1.5 Summonings
 + Level 1.5 Necromancy
 + Level 1.5 Translocations
 + Level 1.5 Transmutations
 + Level 1.5 Fire Magic
 + Level 1.5 Ice Magic
 + Level 1.5 Air Magic
 + Level 1.5 Earth Magic
 + Level 1.5 Poison Magic
 + Level 2.1 Invocations
 + Level 1.9 Evocations


You had 8 spell levels left.
You didn't know any spells.
Your spell library contained the following spells:

 Spells                   Type           Power      Damage    Failure   Level
 Static Discharge         Conj/Air       4%         N/A       30%         2
 Dispel Undead            Necr           4%         3d7       90%         4
 Sticky Flame             Conj/Fire      4%         2d3       90%         4


Dungeon Overview and Level Annotations

Branches:
Dungeon (4/15)              Sewer (visited)         Ossuary (1/1)
 Temple: D:4-7

Altars:


Innate Abilities, Weirdness & Mutations

You have very sharp teeth.
Your uncanny sense of smell can sniff out nearby items.
Your experience applies equally to all skills.


Message History

Your crimson imp disappears in a puff of smoke!
You closely miss the wraith.
The wraith is severely damaged.
The wraith hits you! The wraith barely misses you.
The wraith closely misses you. The wraith completely misses you.
Unknown command.
You completely miss the wraith.
The wraith is severely damaged.
The wraith barely misses you. The wraith hits you!
Unknown command.
Xom gives a demonstration of destructive might.
The wraith is outlined in light.
You are now Xom's teddy bear.
The wraith misses you. The wraith hits you. The wraith drains your vigour!
You feel as though you will be slow longer.
You barely miss the wraith.
The wraith is severely damaged.
The wraith hits you. The wraith closely misses you.
You closely miss the wraith.
The wraith is severely damaged.
The wraith barely misses you. The wraith hits you!
* * * LOW HITPOINT WARNING * * *
The wraith drains your vigour!
You feel as though you will be slow longer.
You hit the wraith but do no damage.
The wraith flickers and vanishes for a moment.
The wraith is severely damaged.
The wraith hits you!
* * * LOW HITPOINT WARNING * * *
The wraith drains your vigour!
You feel as though you will be slow longer.
It was a potion of degeneration.
There was something very wrong with that liquid.
You feel weakened.
You feel dopey.
You feel clumsy.
Xom roars with laughter!
The wraith stops glowing and disappears.
Something hits you!
You die...
Xom giggles madly!

#####################
....................#
..................∩.#
..#####'#####.......#
#..@{W....##......#
#...##'##...##.....#
#...##...##...##....#
#...##.?!!.##...#....#
+...#.?!?!..#...'....#
#.. ##.?!?.##...#....#
## .##...##...##....#
...#####...##.....#
##.. ...##......#


You could see a wraith (fast, agile).

Vanquished Creatures
  Pargi (Sewer)
  2 iguanas (D:4)
  A mummy (Ossuary)
  4 adders
  2 river rats (D:3)
  2 worms
  4 dart slugs
  4 orcs (D:3)
  7 bats
  3 endoplasms (D:2)
  3 goblins
  3 hobgoblins
  2 jackals (D:2)
  6 ball pythons
  2 frilled lizards
  5 gnoll skeletons (Ossuary)
  5 kobolds
  4 kobold skeletons (Ossuary)
  8 orc skeletons (Ossuary)
  6 rats
74 creatures vanquished.

Vanquished Creatures (collateral kills)
  An endoplasm (D:1)
1 creature vanquished.

Vanquished Creatures (others)
  11 plants (D:2)
  9 withered plants (D:2)
20 creatures vanquished.

Grand Total: 95 creatures vanquished

Notes
Turn   | Place    | Note
-------+----------+-------------------------------------------
     0 | D:1      | Ablot the Gnoll Chaos Knight began the quest for the Orb.
     0 | D:1      | Reached XP level 1. HP: 23/23 MP: 1/1
   107 | D:1      | XOM: divination: detect items
   126 | D:1      | XOM: silly message
   545 | D:1      | XOM: divination: detect creatures
   604 | D:1      | Reached XP level 2. HP: 29/29 MP: 2/2
   665 | D:1      | XOM: divination: detect creatures
  1183 | D:2      | Reached XP level 3. HP: 24/35 MP: 3/3
  1434 | D:2      | XOM: silly message
  1439 | D:2      | Found a faded altar of an unknown god.
  1514 | D:2      | Reached skill level 1 in Invocations
  1574 | D:2      | Reached skill level 1 in Long Blades
  1574 | D:2      | Reached skill level 1 in Axes
  1574 | D:2      | Reached skill level 1 in Maces & Flails
  1574 | D:2      | Reached skill level 1 in Polearms
  1574 | D:2      | Reached skill level 1 in Staves
  1574 | D:2      | Reached skill level 1 in Slings
  1574 | D:2      | Reached skill level 1 in Bows
  1574 | D:2      | Reached skill level 1 in Crossbows
  1574 | D:2      | Reached skill level 1 in Throwing
  1574 | D:2      | Reached skill level 1 in Stealth
  1574 | D:2      | Reached skill level 1 in Shields
  1574 | D:2      | Reached skill level 1 in Unarmed Combat
  1574 | D:2      | Reached skill level 1 in Spellcasting
  1574 | D:2      | Reached skill level 1 in Evocations
  1574 | D:2      | Reached XP level 4. HP: 41/41 MP: 5/5
  1662 | D:2      | XOM is BORED!
  1662 | D:2      | XOM: noise
  2104 | D:2      | XOM: divination: detect creatures
  2152 | D:3      | Found a glowing drain.
  2460 | Sewer    | Entered a sewer
  2468 | Sewer    | Reached skill level 1 in Conjurations
  2468 | Sewer    | Reached skill level 1 in Hexes
  2468 | Sewer    | Reached skill level 1 in Summonings
  2468 | Sewer    | Reached skill level 1 in Necromancy
  2468 | Sewer    | Reached skill level 1 in Translocations
  2468 | Sewer    | Reached skill level 1 in Transmutations
  2468 | Sewer    | Reached skill level 1 in Fire Magic
  2468 | Sewer    | Reached skill level 1 in Ice Magic
  2468 | Sewer    | Reached skill level 1 in Air Magic
  2468 | Sewer    | Reached skill level 1 in Earth Magic
  2468 | Sewer    | Reached skill level 1 in Poison Magic
  2493 | Sewer    | Noticed Pargi
  2493 | Sewer    | XOM: silly message
  2505 | Sewer    | Killed Pargi
  2506 | Sewer    | Reached XP level 5. HP: 44/47 MP: 5/7
  2545 | Sewer    | Identified the +4 scimitar of Kindness {elec, rPois}
  3140 | D:3      | XOM: noise
  3207 | D:4      | Reached XP level 6. HP: 53/53 MP: 8/8
  3266 | D:4      | Found a sand-covered staircase.
  3276 | Ossuary  | Entered an ossuary
  3276 | Ossuary  | Noticed a wraith
  3276 | Ossuary  | Noticed a wraith
  3276 | Ossuary  | Noticed a wraith
  3459 | Ossuary  | Noticed a wraith
  3473 | Ossuary  | XOM: summons friendly crimson imp
  3479 | Ossuary  | XOM: fake destruction
  3483 | Ossuary  | HP: 2/53 [wraith (7)]
  3484 | Ossuary  | Slain by a wraith

Illustrated notes

Levels and vault maps discovered:
D:1:      dpeg_arrival_orchard, layout_basic
D:2:      layout_loops_ring, shapermc_ecumenical_altar_flowoftime,
          lemuel_flame_loot_1
D:3:      layout_loops_ring, portal_sewer_entry_a
D:4:      minmay_skewed_foursquare, layout_loops_ring, lemuel_crystal_altar,
          lightli_ossuary_entry_decrepit_ruins, serial_bayou_pond_d,
          st_stairs_8, uniq_edmund, uniq_duvessa
Ossuary:  ossuary_due_mausoleum

Skill      XL: |  1  2  3  4  5 |
---------------+----------------+-----
Invocations    | 1 2 |  2.1
Long Blades    | 1 |  1.9
Axes           | 1 |  1.9
Maces & Flails | 1 |  1.9
Polearms       | 1 |  1.9
Staves         | 1 |  1.9
Slings         | 1 |  1.9
Bows           | 1 |  1.9
Crossbows      | 1 |  1.9
Throwing       | 1 |  1.9
Stealth        | 1 |  1.9
Shields        | 1 |  1.9
Unarmed Combat | 1 |  1.9
Spellcasting   | 1 |  1.9
Evocations     | 1 |  1.9
Conjurations   | 1 |  1.5
Hexes          | 1 |  1.5
Summonings     | 1 |  1.5
Necromancy     | 1 |  1.5
Translocations | 1 |  1.5
Transmutations | 1 |  1.5
Fire Magic     | 1 |  1.5
Ice Magic      | 1 |  1.5
Air Magic      | 1 |  1.5
Earth Magic    | 1 |  1.5
Poison Magic   | 1 |  1.5
Dodging        | 3 |  3.2
Fighting       | |  6.8
Short Blades   | |  6.8
Armour         | |  4.9

Action                   |  1- 3 |  4- 6 || total
-------------------------+-------+-------++-------
Melee: Short sword       |   114 |   189 ||   303
       Bite              |     7 |    21 ||    28
       Punch             |     2 |     8 ||    10
       Scimitar          |       |     1 ||     1
Throw: Dart              |       |     6 ||     6
       Stone             |       |     5 ||     5
  Use: Potion            |       |     1 ||     1
 Stab: Paralysed         |     1 |       ||     1
       Sleeping          |       |     1 ||     1
       Distracted        |       |     1 ||     1
Armor: Leather armour    |    30 |    16 ||    46
       Troll leather arm |       |    37 ||    37
Dodge: Dodged            |    40 |    92 ||   132
